 Dungeon Crawl Stone Soup version 0.17.1-1-g73c8601 (webtiles) character file.

3297 Implojin the Grappler (level 9, 0/80 HPs)
             Began as a Troll Monk on Apr 8, 2016.
             Was a Priest of Cheibriados.
             Slain by an elephant (17 damage)
             ... on level 4 of the Lair of Beasts.
             The game lasted 00:13:26 (1932 turns).

Implojin the Grappler (Troll Monk)                  Turns: 1932, Time: 00:13:26

Health: 0/80       AC:  6    Str: 32    XL:     9   Next: 70%
Magic:  4/13       EV: 11    Int: 12    God:    Cheibriados [***...]
Gold:   90         SH:  0    Dex: 21    Spells: 0 memorised, 8 levels left

rFire  . . .     SeeInvis .       - Unarmed
rCold  . . .     Clarity  .     a - +0 robe
rNeg   . . .     SustAt   .     (no shield)
rPois  .         Gourm    +     e - +0 hat
rElec  .         Spirit   .     k - +0 cloak
rCorr  .         Warding  .     (gloves unavailable)
rMut   .         Stasis   .     (boots unavailable)
MR     .....                    (no amulet)
Stlth  ++........               (no ring)
                                (no ring)

@: mighty, very slightly contaminated, very slow, not resistant to hostile
enchantments, unstealthy
A: unfitting armour, claws 3, fast metabolism 3, gourmand, regeneration 2,
shaggy fur 1, tough skin 2
a: Bend Time, Temporal Distortion, Renounce Religion


You were on level 4 of the Lair of Beasts.
You worshipped Cheibriados.
Cheibriados was most pleased with you.
You were very full.

You visited 3 branches of the dungeon, and saw 16 of its levels.

You collected 90 gold pieces.

Inventory:

Missiles
 h - 4 curare-tipped needles
 t - a tomahawk (quivered)
 v - 3 large rocks
Armour
 a - a +0 robe (worn)
 e - a +0 hat (worn)
 k - a +0 cloak (worn)
Wands
 c - a wand of slowing (30)
 y - a wand of magic darts (6)
 A - a wand of frost (12)
Scrolls
 g - 4 scrolls of teleportation
 j - a scroll of amnesia {unknown}
 m - a scroll of magic mapping {unknown}
 n - 2 scrolls of remove curse
 o - 2 scrolls of immolation
 q - 2 scrolls of brand weapon
 s - a scroll of enchant armour {unknown}
 z - a scroll of fog {unknown}
Potions
 d - 4 potions of curing
 l - a potion of magic {unknown}
 p - a potion of might
 w - a potion of beneficial mutation {unknown}
Books
 r - a Grand Grimoire

   Spells                             Type                      Level
   a - Monstrous Menagerie            Summoning                    6
   b - Summon Greater Demon           Summoning                    7
   c - Malign Gateway                 Summoning/Translocation      7
   d - Summon Horrible Things         Summoning                    8
Miscellaneous
 B - a sack of spiders
Comestibles
 b - 3 bread rations
 f - 2 meat rations
 u - 2 beef jerkies
 x - 4 chunks of flesh


   Skills:
 - Level 2.4 Fighting
 - Level 2.4 Dodging
 - Level 1.1 Stealth
 - Level 12.0 Unarmed Combat
 * Level 6.7 Invocations


You had 8 spell levels left.
You didn't know any spells.

Dungeon Overview and Level Annotations

Branches:
Dungeon (10/15)            Temple (1/1) D:5            Lair (5/8) D:10
  Swamp: Lair:3-6    Shoals: Lair:3-6     Snake: Lair:3-6    Spider: Lair:3-6
    Orc: D:9-12

Altars:
Cheibriados
Kikubaaqudgha
Xom

Annotations:
D:4 exclusion: upstairs


Innate Abilities, Weirdness & Mutations

You are too large for most types of armour.
You have claws for hands.
Your metabolism is lightning-fast.
You like to eat raw meat.
You heal very quickly.
You are covered in fur (AC +1).
You have very tough skin (AC +2).


Message History

The elephant tramples you but does no damage.
The elephant trunk-slaps you but does no damage.
You claw the elephant! x2
The elephant is heavily wounded.
The elephant tramples you!
* * * LOW HITPOINT WARNING * * *
You stumble backwards!
You mangle the elephant!!
The elephant is severely wounded.
The elephant tramples you!
* * * LOW HITPOINT WARNING * * *
You stumble backwards!
You claw the elephant!
The elephant is almost dead.
The elephant tramples you!
* * * LOW HITPOINT WARNING * * *
You stumble backwards!
You scratch the elephant.
You kill the elephant!
Cheibriados appreciates the change of pace.
Your Invocations skill increases to level 6!
Drink which item? (? for menu, Esc to quit)
Okay, then.
You warp the flow of time around you!
You warp the flow of time around you!
You feel somewhat less full.
Cheibriados reduces the support of your attributes as your movement quickens.
Drink which item? (? for menu, Esc to quit)
Okay, then.
Drink which item? (? for menu, Esc to quit)
Okay, then.
Read which item? (? for menu, Esc to quit)
Blink to where?
Press: ? - help, Dir - move target cursor You are very lightly contaminated with residual magic.
As you read the scroll of blinking, it crumbles to dust.
The elephant trumpets!
You mangle the elephant!!
The elephant is moderately wounded.
The elephant tramples you!
You die...

### ##.#.
#P###......#
##.P........
#..(.......##. # #
##.Y..##......
#.#.##.YY$........P
###.......ยง.##....
#......>...Y...#
.......)..##@#.#
......(.............
.#.#..............#.
...................#
...#.#.......#...###
...####......#####
## ##...<.# ###...#


You could see 4 elephants.

Vanquished Creatures
  A griffon (Lair:3)
  An elephant (Lair:4)
  Joseph (D:10)
  A black mamba (Lair:3)
  A deep elf mage (D:10)
  A hungry ghost (D:7)
  An ice beast (D:9)
  A sky beast (D:8)
  A water moccasin (Lair:1)
  A black bear (D:9)
  An orc warrior (D:7)
  The ghost of elicash the Conjurer, an amateur DECj (D:3)
  A crocodile (Lair:3)
  3 giant frogs
  A scorpion (D:6)
  3 wights
  3 hounds (D:8)
  A crimson imp (D:9)
  2 quasits (D:7)
  4 orc priests
  Ijyb (D:3)
  2 iguanas
  An orc wizard (D:9)
  2 worker ants
  A worker ant zombie (D:7)
  18 river rats
  3 gnolls (D:5)
  6 adders
  An adder zombie (D:5)
  12 orcs
  A ball python (D:7)
  3 goblins
  2 hobgoblins (D:3)
  7 kobolds (D:3)
  A plant (D:10)
91 creatures vanquished.

Notes
Turn   | Place    | Note
--------------------------------------------------------------
     0 | D:1      | Implojin the Troll Monk began the quest for the Orb.
     0 | D:1      | Reached XP level 1. HP: 22/22 MP: 0/0
   140 | D:3      | Reached XP level 2. HP: 29/29 MP: 1/1
   256 | D:3      | Noticed Ijyb
   269 | D:3      | Killed Ijyb
   269 | D:3      | Reached skill level 5 in Unarmed Combat
   269 | D:3      | Reached XP level 3. HP: 34/36 MP: 2/2
   301 | D:3      | Noticed elicash's ghost (amateur DECj)
   312 | D:3      | Killed elicash's ghost
   312 | D:3      | Reached skill level 6 in Unarmed Combat
   312 | D:3      | Reached XP level 4. HP: 28/44 MP: 3/3
   402 | D:5      | Entered Level 5 of the Dungeon
   495 | D:5      | Reached XP level 5. HP: 48/50 MP: 4/4
   561 | D:6      | Found a shimmering altar of Xom.
   573 | D:6      | Found an ancient bone altar of Kikubaaqudgha.
   580 | D:6      | Noticed an orc warrior
   586 | D:6      | Reached skill level 7 in Unarmed Combat
   609 | D:5      | HP: 1/50 [orc warrior/short sword (9)]
   696 | D:6      | Reached XP level 6. HP: 44/59 MP: 5/5
   713 | D:8      | Reached skill level 8 in Unarmed Combat
   766 | D:8      | Reached XP level 7. HP: 30/66 MP: 6/6
   912 | D:7      | Reached skill level 9 in Unarmed Combat
   935 | D:7      | Noticed a hungry ghost
   946 | D:7      | Killed a hungry ghost
   991 | D:7      | Reached skill level 10 in Unarmed Combat
   993 | D:7      | Reached XP level 8. HP: 53/74 MP: 7/7
  1134 | D:5      | Found a staircase to the Ecumenical Temple.
  1140 | Temple   | Entered the Ecumenical Temple
  1163 | Temple   | Became a worshipper of Cheibriados the Contemplative
  1163 | Temple   | Reached * piety under Cheibriados
  1163 | Temple   | Reached ** piety under Cheibriados
  1424 | D:9      | Reached skill level 11 in Unarmed Combat
  1433 | D:10     | Entered Level 10 of the Dungeon
  1447 | D:10     | Noticed Joseph
  1467 | D:10     | Killed Joseph
  1467 | D:10     | Reached skill level 12 in Unarmed Combat
  1500 | D:10     | Found a staircase to the Lair.
  1522 | Lair:1   | Entered Level 1 of the Lair of Beasts
  1540 | Lair:1   | Reached skill level 1 in Invocations
  1540 | Lair:1   | Reached XP level 9. HP: 80/80 MP: 7/9
  1584 | Lair:1   | Reached skill level 2 in Invocations
  1602 | Lair:1   | Noticed a four-headed hydra
  1761 | Lair:3   | Noticed a griffon
  1773 | Lair:3   | Killed a griffon
  1773 | Lair:3   | Reached skill level 4 in Invocations
  1790 | Lair:3   | Noticed a black mamba
  1800 | Lair:3   | Reached *** piety under Cheibriados
  1873 | Lair:3   | Reached skill level 5 in Invocations
  1896 | Lair:3   | Killed a black mamba
  1919 | Lair:4   | Noticed an elephant
  1919 | Lair:4   | Noticed an elephant
  1919 | Lair:4   | Noticed an elephant
  1919 | Lair:4   | Noticed an elephant
  1921 | Lair:4   | Noticed an elephant
  1922 | Lair:4   | Noticed an elephant
  1930 | Lair:4   | Killed an elephant
  1930 | Lair:4   | Reached skill level 6 in Invocations
  1932 | Lair:4   | Slain by an elephant

Action                   |  1- 3 |  4- 6 |  7- 9 || total
-------------------------+-------+-------+-------++-------
Melee: Unarmed           |    50 |    74 |   195 ||   319
Throw: Large rock        |       |       |     1 ||     1
       Tomahawk          |       |       |     1 ||     1
Invok: Bend Time         |       |       |     2 ||     2
       Temporal Distorti |       |       |     2 ||     2
  Use: Potion            |       |     2 |     1 ||     3
       Scroll            |       |       |     8 ||     8
 Stab: Sleeping          |     1 |     1 |     3 ||     5
  Eat: Chunk             |     8 |     4 |    17 ||    29

Table legend:
 A = Turns spent in this place as a percentage of turns spent in the entire game.
 B = Non-inter-level travel turns spent in this place as a percentage of non-inter-level travel turns spent in the entire game.
 C = Inter-level travel turns spent in this place as a percentage of turns spent in this place.
 D = Turns resting spent in this place as a percentage of non-inter-level travel turns spent in this place.
 E = Turns spent auto-exploring this place as a percentage of non-inter-level travel turns spent in this place.
 F = Non-inter-level travel turns spent in this place divided by the number of levels of this place that you've seen.
                   A       B       C       D       E      F
               +-------+-------+-------+-------+-------+----------------------
         Total | 100.0 | 100.0 |   0.0 |   0.0 |   0.0 | 116.4
       Dungeon |  75.2 |  75.2 |   0.0 |   0.0 |   0.0 | 140.1
        Temple |   2.7 |   2.7 |   0.0 |   0.0 |   0.0 |  50.0
          Lair |  22.1 |  22.1 |   0.0 |   0.0 |   0.0 |  82.2
               +-------+-------+-------+-------+-------+----------------------

Table legend:
 A = Kills in this place as a percentage of kills in entire the game.
 B = Kills by you in this place as a percentage of kills by you in the entire game.
 C = Kills by friends in this place as a percentage of kills by friends in the entire game.
 D = Other kills in this place as a percentage of other kills in the entire game.
 E = Experience gained in this place as a percentage of experience gained in the entire game.
 F = Experience gained in this place divided by the number of levels of this place that you have seen.
                   A       B       C       D       E      F
               +-------+-------+-------+-------+-------+----------------------
         Total | 100.0 | 100.0 |  -nan |  -nan | 100.0 | 294.4
       Dungeon |  71.1 |  71.1 |  -nan |  -nan |  56.8 | 267.4
          Lair |  28.9 |  28.9 |  -nan |  -nan |  43.2 | 407.2
               +-------+-------+-------+-------+-------+----------------------
